Map: Celestial Enclave LE

Players

SLicKcHeeZEE - Winner!

  • Race: Zerg Zerg
  • Spawn Location: 1:00

A.I. 1 (Very Hard)

  • Race: Terran Terran
  • Spawn Location: 7:00

VOD

Have the link to the VOD?

Description

Time

  • Played on: Sept. 13, 2026, 4:04 p.m.
  • Length: 17:34
Show
View Real Time Build Order
Export as new Build Order

SLicKcHeeZEE Zerg - Winner!

Build Orders: Hatch First, Roach Hydra 

Get SALT Encoding   

  8  0:00  Drone  
  9  0:11  Drone  
  10  0:16  Drone  
  11  0:29  Overlord  
  11  0:34  Drone  
  12  0:47  Drone x2  
  14  0:52  Drone  
  15  1:13  Hatchery  
  15  1:17  Drone  
  15  1:21  Drone  
  16  1:36  Spawning Pool  
  16  1:39  Extractor  
  14  1:41  Drone  
  14  1:44  Drone  
  16  1:48  Drone  
  16  1:52  Drone  
  18  2:01  Overlord  
  18  2:11  Drone  
  19  2:22  Queen  
  19  2:27  Queen  
  23  2:32  Zergling x2  
  23  2:35  Drone  
  25  2:42  Overlord  
  25  2:46  Drone  
  25  2:49  Drone  
  27  2:55  Drone  
  27  2:58  Drone  
  29  3:05  Lair  
  29  3:15  Roach Warren  
  29  3:18  Drone  
  29  3:20  Drone  
  29  3:25  Overlord  
  30  3:30  Drone  
  30  3:32  Drone  
  30  3:33  Drone  
  33  3:38  Drone  
  33  3:39  Drone  
  35  3:41  Drone  
  35  3:46  Drone  
  37  3:50  Overlord  
  39  3:55  Roach  
  39  3:56  Roach  
  39  4:00  Roach  
  45  4:03  Roach  
  45  4:09  Extractor  
  43  4:14  Extractor  
  43  4:16  Drone  
  43  4:17  Drone x2  
  45  4:18  Overlord  
  45  4:20  Drone  
  46  4:24  Drone x2  
  48  4:38  Hatchery  
  48  4:40  Hydralisk  
  48  4:44  Hydralisk  
  51  4:49  Evolution Chamber  
  50  4:55  Drone x3  
  50  4:58  Drone  
  50  4:59  Drone  
  55  5:00  Drone  
  55  5:03  Drone  
  57  5:07  Overlord  
  57  5:16  Drone  
  57  5:20  Glial Reconstitution  
  58  5:21  Grooved Spines  
  58  5:23  Zerg Missile Weapons Level 1, Overlord  
  58  5:32  Roach  
  58  5:33  Roach x2  
  58  5:35  Roach  
  66  5:39  Hydralisk  
  66  5:40  Hydralisk  
  70  5:43  Overlord  
  70  5:53  Queen  
  72  5:59  Drone  
  72  6:00  Drone x5  
  72  6:02  Overlord  
  78  6:14  Muscular Augments  
  78  6:20  Roach x2  
  78  6:21  Roach x2  
  78  6:24  Roach  
  78  6:25  Hydralisk x2  
  90  6:26  Hydralisk  
  90  6:30  Hydralisk  
  96  6:36  Overlord  
  96  6:37  Overlord  
  96  6:50  Roach x2  
  100  6:55  Roach x2, Hydralisk x2  
  100  6:56  Hydralisk  
  87  7:36  Roach x4, Hydralisk x3  
  87  7:37  Hydralisk  
  97  7:39  Queen  
  105  7:55  Extractor  
  105  7:56  Overlord  
  105  7:57  Overlord  
  104  8:25  Drone x3  
  104  8:26  Overlord x2  
  107  8:29  Roach x4, Hydralisk x4  
  123  8:49  Hatchery  
  123  8:55  Roach x3, Hydralisk x2  
  128  8:56  Hydralisk x2, Roach  
  138  9:18  Roach x4, Hydralisk  
  138  9:20  Overlord x2  
  148  9:29  Zerg Missile Weapons Level 2  
  148  9:35  Evolution Chamber  
  147  10:12  Overlord x2  
  147  10:20  Zerg Ground Armor Level 1  
  147  10:26  Roach  
  147  10:27  Roach x6  
  147  10:28  Hydralisk x3  
  161  10:32  Hydralisk x3  
  161  10:33  Hydralisk  
  175  10:42  Queen  
  177  11:06  Ravager  
  177  11:07  Ravager x3  
  149  12:13  Roach x2  
  149  12:14  Roach x6, Hydralisk x2  
  149  12:15  Hydralisk x6  
  145  12:16  Roach x2  
  145  12:17  Roach x8  
  141  12:34  Roach x4, Hydralisk x3  
  141  12:35  Hydralisk x2, Roach  
  141  12:36  Roach x2  
  123  16:02  Zergling x16  
  123  16:03  Zergling x30  
Show
View Real Time Build Order
Export as new Build Order

A.I. 1 (Very Hard) Terran 

Build Orders:  

Get SALT Encoding   

  8  0:00  SCV  
  9  0:13  SCV  
  10  0:25  SCV  
  11  0:37  SCV  
  12  0:46  Supply Depot  
  12  0:49  SCV  
  13  0:58  Refinery  
  13  1:08  SCV  
  14  1:18  Barracks  
  14  1:20  SCV  
  15  1:32  SCV  
  16  1:44  SCV  
  17  1:56  SCV  
  18  2:06  Marine  
  19  2:08  SCV  
  19  2:10  Factory  
  20  2:19  Supply Depot  
  20  2:22  Orbital Command  
  20  2:32  Barracks  
  20  2:33  Marine  
  21  2:47  SCV  
  22  2:52  Barracks Tech Lab  
  22  2:55  Hellion  
  24  2:59  SCV  
  24  3:03  Supply Depot  
  25  3:09  Concussive Shells  
  25  3:10  Marauder  
  27  3:16  Hellion  
  27  3:18  Barracks Tech Lab  
  29  3:27  SCV  
  29  3:32  Marauder  
  32  3:36  Marauder  
  34  3:41  Supply Depot  
  34  3:48  SCV  
  35  3:53  Marauder  
  37  4:02  Marine  
  37  4:03  SCV, Refinery  
  37  4:06  Supply Depot  
  39  4:12  Stimpack  
  39  4:14  Marine  
  40  4:21  Marauder  
  42  4:25  SCV  
  43  4:32  Marine  
  43  4:37  SCV  
  45  4:41  Barracks, Marine  
  46  4:46  Supply Depot  
  46  4:49  SCV  
  46  4:50  Marauder  
  49  5:02  Marine  
  49  5:04  Command Center  
  50  5:11  Marine  
  51  5:20  Marine  
  52  5:24  Starport  
  52  5:27  Barracks Reactor  
  52  5:29  Marine  
  53  5:37  Supply Depot  
  53  5:38  Marauder  
  55  5:47  Marine  
  56  5:53  Engineering Bay  
  56  5:59  Marine  
  56  6:01  Medivac  
  56  6:03  Marine x2  
  61  6:05  Marauder  
  61  6:09  Supply Depot  
  63  6:16  SCV  
  63  6:18  Marauder, SCV  
  66  6:19  Terran Infantry Weapons Level 1  
  67  6:28  SCV, Marauder  
  67  6:30  SCV  
  71  6:37  Medivac  
  71  6:39  Marine  
  74  6:40  SCV  
  74  6:41  Marine  
  74  6:43  SCV  
  77  6:49  Marauder  
  77  6:52  SCV  
  80  6:55  SCV, Supply Depot  
  83  7:01  Marauder  
  83  7:03  Combat Shield  
  83  7:04  SCV  
  83  7:07  SCV  
  85  7:11  Marine  
  85  7:12  Marine  
  85  7:13  Marine  
  79  7:16  SCV  
  79  7:17  Medivac  
  79  7:19  SCV  
  79  7:22  Marine  
  84  7:28  SCV, Marine  
  86  7:31  SCV  
  86  7:32  Supply Depot  
  87  7:40  SCV, Marauder  
  87  7:43  SCV  
  91  7:45  Engineering Bay  
  91  7:52  Missile Turret, SCV  
  91  7:55  SCV  
  91  7:57  Missile Turret  
  93  8:05  SCV  
  94  8:08  Orbital Command, Barracks, Starport Reactor  
  94  8:10  Supply Depot  
  94  8:13  Terran Infantry Armor Level 1, Marine  
  94  8:14  Marine  
  94  8:15  Marine  
  94  8:18  Marine  
  98  8:29  Missile Turret  
  98  8:31  Marauder  
  100  8:34  Supply Depot  
  100  8:35  Marauder  
  100  8:37  Command Center  
  102  8:44  Medivac, Viking  
  106  8:55  Marauder  
  108  9:00  Supply Depot  
  108  9:02  Marauder  
  110  9:07  Missile Turret  
  110  9:14  Medivac, Viking  
  110  9:15  Refinery  
  114  9:22  Refinery  
  114  9:23  Supply Depot  
  114  9:27  Missile Turret  
  114  9:44  Viking  
  114  9:45  SCV x2  
  118  9:47  Viking  
  118  9:49  Supply Depot  
  118  9:50  SCV  
  121  9:57  SCV  
  121  9:58  Refinery, SCV  
  123  10:02  SCV, Missile Turret  
  124  10:09  SCV  
  124  10:10  Missile Turret  
  125  10:14  Viking  
  125  10:15  Armory, Orbital Command  
  125  10:17  SCV  
  128  10:21  SCV  
  128  10:23  Viking  
  131  10:29  SCV  
  131  10:33  SCV  
  131  10:34  Factory  
  133  10:39  Starport, Factory Tech Lab  
  133  10:41  SCV, Command Center  
  134  10:45  SCV  
  134  10:46  SCV  
  136  10:50  Hi-Sec Auto Tracking  
  136  10:53  SCV  
  137  10:57  Neosteel Armor  
  137  10:58  SCV  
  137  10:59  SCV  
  137  11:01  Supply Depot  
  139  11:05  SCV  
  139  11:10  Barracks, Barracks Tech Lab, SCV  
  141  11:14  SCV, Ghost Academy  
  141  11:16  Marine  
  141  11:17  Starport Tech Lab, SCV, Marine  
  141  11:18  Factory Tech Lab  
  145  11:19  Marine  
  145  11:21  Marine  
  145  11:23  SCV  
  148  11:27  Supply Depot  
  148  11:28  Viking  
  148  11:29  Marauder  
  152  11:33  Viking  
  152  11:35  Marauder  
  152  11:36  Terran Ship Weapons Level 1, Raven  
  158  11:45  Armory  
  158  11:46  Ghost  
  160  11:47  Terran Infantry Weapons Level 2  
  160  11:48  Refinery  
  160  11:51  Supply Depot  
  160  11:53  SCV  
  162  11:54  SCV  
  162  11:59  Marauder x2  
  162  12:00  Refinery  
  166  12:05  Siege Tank  
  166  12:08  Marine x2  
  142  12:10  Raven  
  142  12:11  SCV  
  142  12:13  SCV  
  142  12:15  Marine  
  122  12:16  Marine  
  122  12:19  Marine  
  122  12:21  Marine  
  99  12:26  Marine  
  99  12:27  Marine  
  99  12:29  SCV  
  86  12:30  SCV  
  86  12:33  Marauder  
  86  12:34  Marine  
  86  12:35  SCV  
  83  12:37  Marine  
  83  12:39  Marauder  
  83  12:44  Marine, SCV  
  86  12:45  Marine  
  86  12:46  Siege Tank x2  
  86  12:50  Medivac  
  95  12:52  Marine  
  95  12:54  Marine  
  95  12:56  Marauder  
  90  13:00  Marauder  
  78  13:06  Command Center  
  66  13:16  Marine  
  66  13:18  Marine  
  58  13:21  Marine  
  58  13:24  Marine  
  58  13:26  Marine  
  51  13:30  Marine  
  46  13:36  Marine  
  46  13:37  Marauder  
  46  13:39  Marine  
  50  13:42  Marine  
  52  13:48  Command Center  
  52  13:51  Marine  
  45  13:57  Marine  
  45  13:58  Marauder  
  45  14:00  Marine  
  45  14:02  Marine  
  48  14:09  Marine  
  47  14:15  Marine  
  48  14:19  Marauder  
  48  14:20  Marauder  
  50  14:41  Command Center  
  50  14:50  Marauder  
  47  14:55  Marine  
  48  15:13  Command Center  
  48  15:17  Marine  
  48  15:19  Command Center  
  44  15:37  Barracks Tech Lab  
  44  15:40  SCV  
  44  15:52  SCV  
  44  15:53  Barracks  
  44  16:04  SCV  
Tags
 
Composition
Roach Hydra
Matchup
TvZ
Spawn Locations
Cross Positions
Add a new tag
Caveats
  • Supply blocks, unpowered buildings, or Contaminate may cause inaccurate times.
  • Supply counts are checked every 10 seconds.